 Dungeon Crawl Stone Soup version 0.30-a0-1124-g6e8f0f562f (webtiles) character file.

Game seed: 11983478386985522299

602684 Kenran the Unforgettable (level 26, -21/152 HPs)
             Began as a Minotaur Monk on Apr 22, 2023.
             Was the Champion of Hepliaklqana.
             Killed from afar by an orb of fire (73 damage)
             ... with a fireball
             ... on level 5 of the Realm of Zot on Apr 23, 2023.
             The game lasted 02:48:09 (69819 turns).

Kenran the Unforgettable (Minotaur Monk)           Turns: 69819, Time: 02:48:10

Health: -21/152    AC: 54    Str: 30    XL:     26   Next: 53%
Magic:  12/12      EV: 21    Int:  5    God:    Hepliaklqana [******]
Gold:   5185       SH: 16    Dex: 22    Spells: 25/25 levels left

rFire   . . .        b - +5 demon whip "Spellbinder" {antimagic, disrupt, Will+}
rCold   + + .        u - +1 kite shield {reflect}
rNeg    + . .        V - +14 crystal plate armour {rC+}
rPois   .            P - +1 hat
rElec   +            N - +2 cloak {Will+}
rCorr   .            L - +2 pair of gloves {Str+3}
SInv    .            t - +0 pair of boots of Afinur {Fly rN+ Dex+3}
Will    +++..        k - amulet of regeneration Stlth
                     s - ring "Fiureutt" {rElec EV+5 Dex+4 Slay+2 Stlth-}
HPRegen 1.25/turn    Y - ring of Life {rElec rF+ rC+ Str+3 Stlth+}
MPRegen 0.13/turn

%: reflection
@: flying, unable to drink
A: reduced essence, horns 2, retaliatory headbutt, dopey 1, frail 3, screaming
2, weak 1, heat vulnerability 1, inability to drink after injury 1, devolution 1
}: 3/15 runes: decaying, abyssal, gossamer
a: Renounce Religion, Recall Ancestor, Ancestor Identity, Transference, Idealise


You were on level 5 of the Realm of Zot.
You worshipped Hepliaklqana.
Hepliaklqana was exalted by your worship.
You visited 10 branches of the dungeon, and saw 47 of its levels.
You visited the Abyss 2 times.
You also visited: Ice Cave.

You collected 7630 gold pieces.
You spent 2445 gold pieces at shops.

Inventory:

Hand Weapons
 a - the +8 war axe of Glamorous Exoneration {speed, rF++ rC+ SInv}
   (You found it on level 12 of the Dungeon)

   rF:        It greatly protects you from fire.
   rC:        It protects you from cold.
   SInv:      It lets you see invisible.
 b - the +5 demon whip "Spellbinder" (weapon) {antimagic, disrupt, Will+}
   (You found it on level 3 of the Elven Halls)

   Will:      It increases your willpower.
 x - a +9 demon blade of freezing
Missiles
 A - a throwing net (quivered)
Armour
 t - the +0 pair of boots of Afinur (worn) {Fly rN+ Dex+3}
   (You found it on level 3 of the Elven Halls)

   Dex:       It affects your dexterity (+3).
   rN:        It protects you from negative energy.
   Fly:       It grants you flight.
 u - a +1 kite shield of reflection (worn)
 L - a +2 pair of gloves of strength (worn)
 N - a +2 cloak of willpower (worn)
 P - a +1 hat (worn)
 V - a +14 crystal plate armour of cold resistance (worn)
Jewellery
 k - an amulet of regeneration (around neck)
 s - the ring "Fiureutt" (left hand) {rElec EV+5 Dex+4 Slay+2 Stlth-}
   (You found it on level 2 of the Realm of Zot)

   [ring of evasion]

   EV:        It affects your evasion (+5).
   Dex:       It affects your dexterity (+4).
   Slay:      It affects your accuracy & damage with ranged weapons and melee
   (+2).
   rElec:     It insulates you from electricity.
   Stlth:     It makes you less stealthy.
 H - a ring of poison resistance
 M - a ring of positive energy
 Q - a ring of resist corrosion
 Y - the ring of Life (right hand) {rElec rF+ rC+ Str+3 Stlth+}
   (You found it on level 3 of the Elven Halls)

   [ring of protection from cold]

   Str:       It affects your strength (+3).
   rF:        It protects you from fire.
   rC:        It protects you from cold.
   rElec:     It insulates you from electricity.
   Stlth:     It makes you more stealthy.
Wands
 q - a wand of acid (40)
 E - a wand of flame (57)
 I - a wand of roots (65)
 K - a wand of mindburst (33)
 O - a wand of charming (45)
 U - a wand of digging (10)
Scrolls
 e - 4 scrolls of butterflies
 f - 3 scrolls of fog
 h - 14 scrolls of poison {!r}
 i - 9 scrolls of teleportation
 m - 2 scrolls of magic mapping
 B - 6 scrolls of silence
 C - 12 scrolls of immolation {!r}
 D - 3 scrolls of fear
 R - 3 scrolls of vulnerability {!r}
 S - 3 scrolls of blinking
Potions
 c - 8 potions of ambrosia
 g - 8 potions of brilliance
 j - 3 potions of might
 l - 4 potions of flight
 n - 14 potions of lignification {!q}
 o - 4 potions of magic
 v - 4 potions of cancellation
 w - 6 potions of berserk rage {!q}
 z - 14 potions of curing {@q1}
 F - 4 potions of invisibility
 G - 3 potions of resistance
 J - 8 potions of mutation {!q}
 W - 4 potions of attraction {!q}
Miscellaneous
 d - a phial of floods
 p - a tin of tremorstones (2/2)
 y - a box of beasts
 Z - a lightning rod (4/4)


   Skills:
 - Level 24.0 Fighting
 - Level 15.0 Long Blades
 - Level 12.6(16.0) Axes
 - Level 16.0(17.6) Maces & Flails
 - Level 24.0 Armour
 - Level 15.0 Dodging
 - Level 15.0 Shields
 - Level 25.0 Invocations
 + Level 18.8 Evocations


You had 25 spell levels left.
You didn't know any spells.
Your spell library contained the following spells:

 Spells                   Type           Power      Damage    Failure   Level
 Apportation              Tloc           0%         N/A       99%         1
 Foxfire                  Conj/Fire      0%         2x1d4     99%         1
 Shock                    Conj/Air       0%         1d3       99%         1
 Blink                    Tloc           0%         N/A       100%        2
 Ensorcelled Hibernation  Hex/Ice        0%         N/A       100%        2
 Lesser Beckoning         Tloc           0%         N/A       100%        2
 Momentum Strike          Conj/Tloc      0%         3d8       100%        2
 Passwall                 Tmut/Erth      0%         N/A       100%        2
 Scorch                   Fire           0%         2d5       100%        2
 Call Canine Familiar     Summ           0%         N/A       100%        3
 Dazzling Flash           Conj/Hex       0%         N/A       100%        3
 Frozen Ramparts          Ice            0%         1d1       100%        3
 Ignite Poison            Fire/Tmut/Pois 0%         N/A       100%        3
 Inner Flame              Hex/Fire       0%         N/A       100%        3
 Ozocubu's Armour         Ice            0%         N/A       100%        3
 Portal Projectile        Hex/Tloc       0%         N/A       100%        3
 Summon Guardian Golem    Hex/Summ       0%         N/A       100%        3
 Swiftness                Air            0%         N/A       100%        3
 Vhi's Electric Charge    Tloc/Air       0%         N/A       100%        3
 Airstrike                Air            0%         2d(0-16)  100%        4
 Animate Dead             Necr           0%         N/A       100%        4
 Cause Fear               Hex            0%         N/A       100%        4
 Flame Wave               Conj/Fire      0%         2d4       100%        4
 Ice Form                 Ice/Tmut       0%         N/A       100%        4
 Leda's Liquefaction      Hex/Erth       0%         N/A       100%        4
 Manifold Assault         Tloc           0%         N/A       100%        4
 Sticky Flame             Conj/Fire      0%         2d3       100%        4
 Summon Ice Beast         Ice/Summ       0%         N/A       100%        4
 Summon Lightning Spire   Summ/Air       0%         N/A       100%        4
 Agony                    Necr           0%         N/A       100%        5
 Alistair's Intoxication  Tmut/Pois      0%         N/A       100%        5
 Arcjolt                  Conj/Air       0%         1d10      100%        5
 Borgnjor's Vile Clutch   Necr/Erth      0%         N/A       100%        5
 Fireball                 Conj/Fire      0%         3d3       100%        5
 Iskenderun's Battlesphe  Conj           0%         2d6       100%        5
 Summon Forest            Summ/Tloc      0%         N/A       100%        5
 Summon Mana Viper        Hex/Summ       0%         N/A       100%        5
 Yara's Violent Unravell  Hex/Tmut       0%         3d3       100%        5
 Conjure Ball Lightning   Conj/Air       0%         3x3d6     100%        6
 Dispersal                Tloc           0%         N/A       100%        6
 Eringya's Noxious Bog    Tmut/Pois      0%         N/A       100%        6
 Plasma Beam              Fire/Air       0%         2x1d11    100%        6
 Starburst                Conj/Fire      0%         6d3       100%        6
 Summon Cactus Giant      Summ           0%         N/A       100%        6
 Dragon Form              Tmut           0%         N/A       100%        7
 Enfeeble                 Hex            0%         N/A       100%        7
 Haunt                    Necr/Summ      0%         N/A       100%        7
 Monstrous Menagerie      Summ           0%         N/A       100%        7
 Orb of Destruction       Conj           0%         9d5       100%        7
 Ozocubu's Refrigeration  Ice            0%         4d7       100%        7
 Storm Form               Tmut/Air       0%         N/A       100%        7
 Summon Hydra             Summ           0%         N/A       100%        7
 Discord                  Hex            0%         N/A       100%        8
 Disjunction              Tloc           0%         N/A       100%        8
 Ignition                 Fire           0%         3d3       100%        8
 Infestation              Necr           0%         N/A       100%        8
 Maxwell's Capacitive Co  Air            0%         ∞         100%        8
 Dragon's Call            Summ           0%         N/A       100%        9


Dungeon Overview and Level Annotations

Branches:
Dungeon (15/15)            Temple (1/1) D:4            Lair (5/5) D:9
  Swamp (4/4) Lair:2       Spider (4/4) Lair:2        Slime (0/5) Lair:4
    Orc (2/2) D:9             Elf (3/3) Orc:2        Vaults (4/5) D:14
  Crypt (0/3) Vaults:3     Depths (4/4) D:15            Zot (5/5) Depths:4
  IceCv (visited)

Altars:
Ashenzari
Cheibriados
Dithmenos
Elyvilon
Fedhas
Gozag
Hepliaklqana
Kikubaaqudgha
Makhleb
Nemelex Xobeh
Okawaru
Qazlal
Ru
Sif Muna
Trog
Uskayaw
Vehumet
Wu Jian
Xom
Yredelemnul
Zin
The Shining One
Jiyva
Lugonu

Shops:
D:2 ?   D:4 !   D:7 [   D:9 [?(   D:13 !?   Orc:1 ?*   Orc:2 (*(*   Elf:1 *
Elf:2 :   Vaults:3 :   Vaults:4 (   Depths:2 =

Portals:
Hell: Depths:1 Depths:2 Depths:3 Depths:4
Abyss: Lair:5 Depths:1 Depths:2 Depths:3 Depths:4
Pandemonium: Depths:1 Depths:2
Ziggurat: Depths:3
Trove: D:11 (give 13 scrolls of teleportation)

Annotations:
Spider:3 exclusion: downstairs
Spider:4 3 runed translucent doors, Icics's ghost, journeyman HOFi
Depths:4 exclusion: upstairs
Zot:3 exclusion: downstairs


Innate Abilities, Weirdness & Mutations

Your life essence is reduced to manifest your ancestor. (-10% HP)
You have a pair of horns on your head.
You reflexively headbutt those who attack you in melee.
You are dopey. (Int -2)
You are extremely frail. (-30% HP)
You frequently scream uncontrollably at your foes.
You are weak. (Str -2)
You are vulnerable to heat. (rF-)
You occasionally lose the ability to drink potions when taking damage.
You have hidden genetic defects.


Message History

t - Scream!
Orders for allies: a - Attack new target. r - Retreat! s - Stop attacking. g - Guard the area. f - Follow me.
Anything else - Cancel.
You scream for attention!
Partly explored, can't reach some items and places.
Level map cleared.
Unknown command.
The orb of fire drops a net on you.
You become entangled in the net!
You see here a throwing net.
You tear a large gash into the net.
The orb of fire glows red.
The bolt of fire hits you!!!
You struggle against the net.
The orb of fire glows red.
The bolt of fire hits you!!
Amyrtaeus misses the orb of fire.
Unknown command.
You rip the net and break free!
Amyrtaeus barely misses the orb of fire.
Okay, then.
As you read the scroll of fog, it crumbles to dust.
The scroll dissolves into smoke.
Amyrtaeus barely misses the orb of fire.
You thrash the orb of fire!!
The orb of fire's magic leaks into the air.
The orb of fire is jolted.
The orb of fire completely resists.
You headbutt the orb of fire!
The orb of fire is moderately damaged.
The orb of fire glows red.
The bolt of fire hits you!!
You feel threatened and lose the ability to drink potions!
You whack the orb of fire!
The orb of fire's magic leaks into the air.
Sparks of electricity dance between the orb of fire.
The orb of fire completely resists.
Your headbutt misses the orb of fire.
The orb of fire is moderately damaged.
The orb of fire glows red.
The fireball explodes!
The fireball engulfs you!!!!
You die...

,^,,,,^,§§,,** *,......,,,,,,*
,,,,,§§§§,,,,* **......^,,,,**
,,,,,§§§,§,,,* *......,,,,,*
,,,,^§§§§§^,,* *#......,,,,,**
,,,,,§§§,,,,^* *.......,,,),,*
,,,§,,,§§§,,,* ##§§.....,),,,,**
,,X,,,,§§§L,,*##§§§.....,,,,,,,**
,,,,,,^,,,*,###§§§#**********,,,*
,,,,,,,^,,,*#)R*@## **,,,
,,,,,,,....^*.§### ***,
,,*****▓▓▓▓▓▓▓▓# **
,,,,,,,,,,,**** *
,,,,,,,,,,,,,,*** ***
,,,,,,^,,,,,,,,,** **,,
,,,,,,,,,,,,,,,^,* ********* *,,,
,,,,,,,,,,,,,^,,,***,,,,,^,***,,,
y,,,,,,,,,,,,,,,,**,^,,,,,,,**,^,


You could see the friendly Amyrtaeus the battlemage and an orb of fire (ally
target, magic disrupted).

Vanquished Creatures
  A dread lich (Zot:5)
  6 orbs of fire (Zot:5)
  2 ancient liches
  Mara (Vaults:4)
  A juggernaut (Depths:4)
  2 Killer Klowns (Zot:5)
  6 caustic shrikes
  8 golden dragons
  A profane servitor (Abyss:3)
  Nikola (Swamp:4)
  An electric golem (Zot:5)
  3 bone dragons (Abyss:3)
  A Tzitzimitl (Depths:3)
  7 tentacled monstrosities
  Mlioglotl (Spider:4)
  2 liches (Abyss:3)
  7 Orb Guardians (Zot:5)
  2 deep elf master archers (Elf:3)
  A walking frostbound tome (Depths:4)
  A deep elf blademaster (Elf:3)
  A quicksilver dragon (Zot:3)
  4 sphinxes
  Gastronok (D:10)
  An Executioner (Abyss:3)
  5 death cobs
  Agnes (Elf:1)
  Kirke (D:13)
  7 tentacled starspawn (Abyss:3)
  3 tengu reavers
  A thorn hunter (Swamp:4)
  7 shadow dragons
  7 draconian knights
  7 storm dragons
  6 frost giants
  7 draconian monks
  6 fire giants
  A revenant (Vaults:3)
  A deep elf sorcerer (Elf:3)
  6 draconian scorchers
  6 vault wardens
  4 ghost moths
  3 emperor scorpions
  3 draconian shifters
  2 deep elf elementalists (Elf:3)
  Aizul (Swamp:4)
  3 draconian stormcallers
  5 draconian annihilators
  2 ghouls (Swamp:3)
  A caustic shrike skeleton (Abyss:3)
  4 spriggan defenders
  14 ironbound preservers
  20 very ugly things
  3 broodmothers
  A quicksilver ooze (Depths:4)
  A reaper (Abyss:3)
  7 stone giants
  An eleionoma (Swamp:3)
  A war gargoyle (Vaults:3)
  3 vampire knights
  8 spark wasps
  A lorocyproca (Abyss:3)
  Nessos (D:12)
  4 ironbound thunderhulks
  2 dire elephants
  8 yellow draconians
  5 deep elf demonologists
  4 green draconians
  4 bunyips
  2 black draconians
  5 purple draconians
  5 deep elf annihilators
  4 white draconians
  5 red draconians
  5 ettins
  2 eidola (D:14)
  3 deep elf death magi
  3 crystal guardians
  3 shambling mangroves (Swamp:4)
  8 fire dragons
  6 yaktaur captains
  An entropy weaver (Vaults:4)
  A jiangshi (Depths:2)
  8 vault guards
  4 deep elf high priests
  2 great orbs of eyes (Vaults:3)
  8 hydras
  4 rakshasas
  A peacekeeper (Vaults:4)
  A spriggan skeleton (Abyss:3)
  Harold (D:10)
  8 ice dragons
  A jorogumo (Spider:4)
  2 anacondas (Lair:3)
  3 spriggan air magi
  A merfolk avatar (Swamp:3)
  10 boulder beetles
  A radroach (Spider:3)
  Erica (D:9)
  3 ironbound frosthearts
  28 dancing weapons
  3 death knights
  2 satyrs (shapeshifter)
  5 tengu warriors
  7 deep troll shamans
  5 centaur warriors
  Urug (D:10)
  12 thrashing horrors
  4 deep troll earth magi
  12 death yaks
  7 alligators
  2 orc high priests (Elf:3)
  7 spriggan berserkers
  A soul eater (Abyss:3)
  7 wretched stars
  A salamander mystic (Depths:4)
  16 deep elf knights
  3 iron trolls
  3 shadow wraiths
  3 skysharks
  3 goliath frogs
  Lodul (D:10)
  3 spriggan druids
  4 flayed ghosts
  6 pharaoh ants
  4 sun moths
  4 shadow demons
  5 skeletal warriors
  4 orb spiders
  2 spectral hydras (Swamp:4)
  2 bog bodies (Swamp:3)
  11 ironbound convokers
  53 deep trolls
  A glowing orange brain (Abyss:3)
  10 lindwurms
  4 wizards
  Pikel (D:8)
  6 steelbarb worms (Spider:3)
  A lindwurm (shapeshifter) (Depths:2)
  4 orc knights
  3 phantasmal warriors
  2 swamp dragons (Swamp:4)
  A steelbarb worm (shapeshifter) (Elf:3)
  A frost giant zombie (Depths:2)
  3 deep elf archers
  10 deep elf zephyrmancers
  14 wolf spiders
  4 oklob plants
  26 deep elf pyromancers
  2 orc sorcerers
  A worldbinder (Abyss:3)
  A moth of wrath (shapeshifter) (Elf:1)
  14 large abominations
  2 will-o-the-wisps
  4 salamanders (Depths:4)
  21 moths of wrath
  3 manticores
  Joseph (D:8)
  22 elephants
  3 cyclopes
  A black mamba (shapeshifter) (D:11)
  32 ugly things
  10 black mambas
  An apocalypse crab (Abyss:3)
  34 slime creatures
  8 vault sentinels
  A water nymph (shapeshifter) (Elf:2)
  3 ice statues (IceCv)
  5 demonic crawlers
  8 centaur zombies
  2 smoke demons (Abyss:3)
  4 torpor snails
  2 orange demons (Abyss:3)
  5 centaur skeletons (D:14)
  27 starcursed masses (Abyss:3)
  8 cane toads
  3 unseen horrors (Abyss:3)
  27 yaktaurs
  A tengu conjurer (Depths:2)
  3 komodo dragons
  2 freezing wraiths
  2 efreet
  3 hydra zombies (Swamp:4)
  5 ancient zymes
  4 trolls
  2 polar bears
  9 tyrant leeches
  4 meliai (Spider:4)
  A death drake zombie (Swamp:4)
  A troll (shapeshifter) (Elf:3)
  11 tarantellas
  14 blink frogs
  19 hornets
  10 raiju
  Grinder (D:3)
  A spriggan zombie (Depths:2)
  19 culicivoras
  A vampire (D:9)
  12 small abominations
  A centaur simulacrum (D:15)
  A shadow (D:10)
  17 spriggans
  19 jumping spiders
  7 flying skulls
  5 ynoxinuls
  A culicivora (shapeshifter) (Elf:2)
  7 air elementals
  8 water elementals
  A hog (shapeshifter) (Elf:2)
  2 hogs (D:13)
  8 wraiths
  2 wyverns (Lair:3)
  41 yaks
  9 basilisks
  2 fire elementals (Elf:3)
  30 redbacks
  2 golden eyes (Depths:4)
  A chaos spawn (Abyss:3)
  3 steam dragons
  17 vampire mosquitoes
  2 neqoxecs (Abyss:3)
  Grum (D:11)
  A harpy simulacrum (IceCv)
  A death yak simulacrum (IceCv)
  7 swamp worms
  6 wargs
  An acid dragon (D:8)
  An acid dragon (shapeshifter) (Elf:3)
  A hydra simulacrum (Swamp:4)
  A swamp worm (shapeshifter) (Vaults:3)
  8 water moccasins
  6 hell hounds (Abyss:3)
  A floating eye (shapeshifter) (Elf:2)
  10 orc warriors
  A sky beast (D:7)
  3 ice beasts
  2 swamp drakes (Swamp:3)
  14 ogres
  13 wolves
  7 boggarts (Vaults:2)
  A lemure (D:9)
  A phantom (D:4)
  9 centaurs
  A kobold brigand (D:9)
  6 bullfrogs
  A gnoll sergeant (D:9)
  3 scorpions
  7 earth elementals
  5 wights
  32 killer bees
  3 howler monkeys
  An electric eel (Lair:3)
  A quasit (Abyss:3)
  An iron imp (Abyss:3)
  2 sleepcaps
  Crazy Yiuf (D:2)
  3 hounds
  3 jellies
  12 orc priests
  Natasha (twice) (D:3)
  4 iguanas
  23 orc wizards
  2 scorpion zombies (D:4)
  4 hell rats
  A polar bear simulacrum (IceCv)
  A boggart skeleton (D:14)
  A hound zombie (D:4)
  A hound skeleton (D:4)
  12 gnolls
  4 adders
  3 shadow imps
  An ufetubus (D:5)
  2 worms
  4 dart slugs
  51 orcs
  11 ball pythons
  2 bats (D:1)
  11 endoplasms
  5 giant cockroaches
  11 goblins
  5 hobgoblins
  6 jackals
  4 quokkas
  A frilled lizard (D:2)
  5 kobolds
  5 rats
  10 starspawn tentacles (Abyss:3)
1620 creatures vanquished.

Vanquished Creatures (collateral kills)
  An orb of fire (Zot:3)
  2 juggernauts
  Sojobo (Vaults:4)
  2 Killer Klowns
  2 curse toes
  Xtahua (Vaults:4)
  A caustic shrike (Depths:2)
  5 golden dragons
  A bone dragon (Abyss:3)
  A profane servitor (Abyss:3)
  An electric golem (Zot:5)
  The ghost of Cicier the Eclecticist, an adept GrEE of Sif Muna (Elf:3)
  2 liches
  2 tentacled monstrosities
  2 deep elf blademasters
  A walking frostbound tome (Depths:2)
  7 Orb Guardians (Zot:5)
  3 quicksilver dragons
  4 acid blobs (Depths:4)
  A sphinx (Vaults:2)
  4 tentacled starspawn (Abyss:3)
  5 death cobs
  The ghost of Uhytecu the Tortoise, an adept MiBe of Trog (Depths:4)
  Frances (D:14)
  2 tengu reavers
  2 draconian monks
  9 storm dragons
  2 rockslimes (Depths:4)
  6 shadow dragons
  A draconian knight (Zot:2)
  The ghost of Hosut the Warrior, a journeyman MiBe of Trog (D:15)
  2 ghost moths
  A fire giant (Depths:2)
  3 frost giants
  2 vault wardens (Vaults:1)
  2 emperor scorpions (Spider:4)
  3 deep elf sorcerers
  A ghoul (Vaults:3)
  4 draconian shifters
  2 deep elf elementalists (Elf:3)
  A draconian stormcaller (Zot:4)
  An orc warlord (Vaults:3)
  7 draconian annihilators
  A war gargoyle (Vaults:3)
  11 very ugly things
  4 ironbound preservers
  A reaper (Abyss:3)
  3 ironbound thunderhulks
  A quicksilver ooze (Depths:4)
  4 green draconians
  3 stone giants
  2 eleionomae (Swamp:1)
  2 vampire knights
  6 black draconians
  2 deep elf demonologists (Elf:3)
  4 white draconians
  2 bunyips (Swamp:1)
  2 purple draconians (Zot:4)
  6 spark wasps
  5 deep elf annihilators
  3 red draconians
  4 dire elephants
  9 yellow draconians
  A crystal guardian (Vaults:1)
  A fire dragon (D:13)
  A shambling mangrove (Swamp:4)
  An entropy weaver (shapeshifter) (D:14)
  A deep elf high priest (Elf:3)
  An ettin (Depths:4)
  2 great orbs of eyes (Depths:4)
  2 yaktaur captains
  An entropy weaver (Spider:3)
  6 hydras
  3 jiangshi
  5 ice dragons
  A juggernaut simulacrum (Abyss:3)
  2 peacekeepers
  3 vault guards
  A jorogumo (Spider:4)
  3 ironbound frosthearts
  3 boulder beetles
  2 centaur warriors (Vaults:3)
  A radroach (Abyss:3)
  2 spriggan air magi
  2 two-headed ogres
  4 tengu warriors (Depths:4)
  A hell hog (Abyss:3)
  3 deep troll shamans
  6 thrashing horrors (Abyss:3)
  6 deep troll earth magi
  A death yak (Lair:1)
  3 alligators
  14 dancing weapons
  4 vampire magi
  2 skeletal warriors
  5 spriggan berserkers (Depths:2)
  An orc high priest (Orc:2)
  8 deep elf knights
  2 wretched stars (Abyss:3)
  A fire crab (Lair:3)
  A pharaoh ant (Spider:3)
  5 shadow wraiths (Depths:3)
  5 iron trolls
  2 sixfirhies (Abyss:3)
  2 sun moths
  2 skysharks (Lair:5)
  23 deep trolls
  A salamander mystic (Depths:4)
  A flayed ghost (Swamp:4)
  A shadow demon (Depths:3)
  A swamp dragon (Swamp:1)
  2 goliath frogs
  A glowing orange brain (shapeshifter) (Vaults:2)
  4 lindwurms (Vaults:1)
  5 deep elf archers
  A glowing orange brain (Depths:4)
  7 large abominations
  4 orb spiders
  An orb spider (shapeshifter) (Vaults:2)
  2 spectral hydras (Swamp:4)
  4 phantasmal warriors
  A spriggan druid (Swamp:3)
  2 steelbarb worms (Spider:3)
  4 wizards
  2 orange crystal statues (Abyss:3)
  2 orc knights
  A necromancer (Depths:2)
  5 wolf spiders
  10 deep elf pyromancers
  2 ironbound convokers
  13 deep elf zephyrmancers
  2 orc sorcerers (Orc:2)
  A cyclops (D:15)
  An oklob plant (Swamp:4)
  10 ugly things
  A worldbinder (Abyss:3)
  2 salamanders (Depths:4)
  8 elephants
  2 black mambas
  2 eyes of devastation (Depths:4)
  14 moths of wrath
  4 vault sentinels
  A fire giant zombie (Depths:2)
  6 smoke demons
  An orange demon (Abyss:3)
  2 torpor snails (Spider:4)
  An apocalypse crab (Abyss:3)
  2 cane toads
  4 centaur skeletons (D:14)
  2 unseen horrors (D:11)
  An efreet (Abyss:3)
  4 komodo dragons
  9 yaktaurs
  An anaconda simulacrum (IceCv)
  A tengu conjurer (Depths:4)
  A freezing wraith (Swamp:4)
  A hydra zombie (Swamp:4)
  4 ancient zymes
  4 trolls
  A bloated husk (Swamp:2)
  A meliai (shapeshifter) (Elf:3)
  14 tarantellas
  13 hornets
  4 tyrant leeches
  A raiju (shapeshifter) (Elf:3)
  7 blink frogs
  2 raiju (Abyss:4)
  12 jumping spiders
  Sigmund (D:5)
  12 slime creatures
  10 spriggans
  2 ynoxinuls
  A dire elephant simulacrum (IceCv)
  5 water elementals
  5 culicivoras
  An air elemental (Elf:1)
  2 wyverns (D:10)
  15 yaks
  4 golden eyes (Depths:4)
  3 basilisks
  2 fire elementals
  10 vampire mosquitoes
  A death yak simulacrum (IceCv)
  A chaos spawn (Abyss:3)
  16 redbacks
  4 swamp worms
  2 water moccasins
  A hydra simulacrum (Swamp:4)
  A floating eye (Depths:2)
  7 orc warriors
  8 swamp drakes
  2 black bears
  A boggart (Vaults:2)
  6 ogres
  A swamp dragon zombie (Swamp:4)
  9 wolves (Lair:2)
  A centaur (D:11)
  A swamp dragon skeleton (Swamp:4)
  2 lemures (D:9)
  2 bullfrogs (Lair:1)
  A scorpion (D:9)
  A necrophage (Swamp:3)
  A cane toad simulacrum (IceCv)
  3 wights
  7 small abominations
  An elephant simulacrum (IceCv)
  6 killer bees (Lair:3)
  3 howler monkeys
  An electric eel (Lair:3)
  A hound (D:7)
  7 orc priests
  21 starcursed masses (Abyss:3)
  A gnoll bouda (D:7)
  An iguana (D:7)
  11 orc wizards
  A boggart skeleton (D:14)
  2 hell rats (Lair:2)
  3 gnolls
  20 orcs
  A kobold (D:9)
  4 starspawn tentacles (Abyss:3)
785 creatures vanquished.

Vanquished Creatures (others)
  A war gargoyle (Vaults:4)
  A deep elf knight (Elf:1)
  A deep elf zephyrmancer (Elf:2)
  3 bloated husks (Swamp:2)
  A hornet (Zot:1)
  A human (D:13)
  An acid dragon (Zot:2)
  A swamp drake (Swamp:3)
  An orc priest (Orc:2)
  2 orc wizards
  78 battlemagi
  An orc (D:9)
  11 foxfires
  40 fungi
  2 lurking horrors (Abyss:3)
  80 plants
  25 starspawn tentacles (Abyss:3)
  3 withered plants (D:4)
253 creatures vanquished.

Grand Total: 2658 creatures vanquished

Notes
Turn   | Place    | Note
-------+----------+-------------------------------------------
     0 | D:1      | Kenran the Minotaur Monk began the quest for the Orb.
     0 | D:1      | Reached XP level 1. HP: 19/19 MP: 0/0
    68 | D:1      | Reached XP level 2. HP: 24/26 MP: 1/1
   280 | D:1      | Reached skill level 5 in Maces & Flails
   579 | D:2      | Reached XP level 3. HP: 31/31 MP: 2/2
   796 | D:2      | Found Guisuacs's Magic Scroll Boutique.
   809 | D:2      | Bought a scroll of identify for 20 gold pieces
   809 | D:2      | Bought a scroll of teleportation for 30 gold pieces
  1257 | D:2      | Identified the +0 chain mail of Gravitas {*Slow rF+ Slay+2}
  1302 | D:2      | Found a runed translucent door.
  1303 | D:2      | Noticed Crazy Yiuf
  1311 | D:2      | Killed Crazy Yiuf
  1312 | D:2      | Reached XP level 4. HP: 19/39 MP: 3/3
  1456 | D:3      | Noticed Natasha
  1462 | D:3      | Killed Natasha
  1633 | D:3      | Noticed Natasha
  1640 | D:3      | Killed Natasha
  1641 | D:3      | Reached XP level 5. HP: 36/45 MP: 4/4
  1984 | D:3      | Noticed Grinder
  1985 | D:3      | Paralysed by Grinder for 2 turns
  1989 | D:3      | Killed Grinder
  1990 | D:3      | Reached XP level 6. HP: 44/51 MP: 5/5
  2120 | D:4      | You fall into a shaft and drop 1 floor!
  2120 | D:5      | Entered Level 5 of the Dungeon
  2256 | D:5      | Identified the +0 robe of Jasol {-Cast rElec rPois rC+}
  2303 | D:5      | Reached XP level 7. HP: 56/57 MP: 6/6
  2328 | D:5      | Reached skill level 10 in Maces & Flails
  2561 | D:5      | Reached skill level 5 in Fighting
  2782 | D:4      | Reached skill level 1 in Armour
  2793 | D:4      | Reached XP level 8. HP: 60/70 MP: 7/7
  3011 | D:4      | Found a staircase to the Ecumenical Temple.
  3020 | Temple   | Entered the Ecumenical Temple
  3183 | Temple   | Became a worshipper of Hepliaklqana the Forgotten
  3183 | Temple   | Reached * piety under Hepliaklqana
  3183 | Temple   | Reached ** piety under Hepliaklqana
  3195 | D:4      | Remembered your ancestor Amyrtaeus as a battlemage
  3246 | D:4      | Found Qogoa's Distillery.
  3260 | D:4      | Bought a potion of curing for 30 gold pieces
  3477 | D:5      | Noticed Sigmund
  3488 | D:5      | Killed Sigmund
  4104 | D:6      | Identified the +3 ring mail "Jorph" {Int+4 Dex+2}
  4320 | D:6      | Found a stormy altar of Qazlal.
  4370 | D:6      | Found a radiant altar of Vehumet.
  4699 | D:7      | Reached skill level 5 in Armour
  4754 | D:7      | Reached XP level 9. HP: 71/71 MP: 8/8
  4852 | D:7      | Found a glowing silver altar of Zin.
  5183 | D:7      | Reached *** piety under Hepliaklqana
  5199 | D:7      | Found Moytum's Armour Boutique.
  5202 | D:7      | Bought a +3 scale mail of poison resistance for 299 gold
                  | pieces
  5383 | D:8      | Noticed a two-headed ogre
  5389 | D:8      | Killed a two-headed ogre
  5390 | D:8      | Reached skill level 2 in Invocations
  5391 | D:8      | Noticed Joseph
  5412 | D:8      | Killed Joseph
  5413 | D:8      | Reached skill level 3 in Invocations
  5496 | D:8      | Reached skill level 4 in Invocations
  5956 | D:9      | Reached **** piety under Hepliaklqana
  5964 | D:9      | Noticed Pikel
  5974 | D:8      | Killed Pikel
  5975 | D:8      | Reached skill level 5 in Invocations
  5975 | D:8      | Reached skill level 5 in Evocations
  5975 | D:8      | Reached XP level 10. HP: 55/79 MP: 8/12
  6101 | D:9      | Identified the +1 dagger of Dirukk {heavy, Will+}
  6552 | D:9      | Found a staircase to the Lair.
  6605 | D:9      | Found Maren's Antique Armour Shop.
  6614 | D:9      | Found Yfood's Magic Scroll Shop.
  6615 | D:9      | Bought a kite shield for 103 gold pieces
  6632 | D:9      | Bought a scroll of identify for 30 gold pieces
  6632 | D:9      | Bought a scroll of identify for 30 gold pieces
  6632 | D:9      | Bought a scroll of identify for 30 gold pieces
  6637 | D:9      | Found Ugead's Weapon Shop.
  6651 | D:9      | Found a blossoming altar of Fedhas.
  6746 | D:9      | Reached skill level 1 in Shields
  6765 | D:9      | Found a staircase to the Orcish Mines.
  6860 | D:9      | Found a sacrificial altar of Ru.
  7013 | D:9      | Noticed Erica
  7020 | D:9      | Killed Erica
  7021 | D:9      | Reached skill level 10 in Fighting
  7021 | D:9      | Reached XP level 11. HP: 82/89 MP: 11/13
  7338 | D:10     | Entered Level 10 of the Dungeon
  7353 | D:10     | Reached skill level 5 in Shields
  7569 | D:10     | Noticed Lodul
  7629 | D:10     | Noticed Harold
  7629 | D:10     | Noticed Urug
  7634 | D:10     | Killed Harold
  7635 | D:10     | Reached skill level 15 in Maces & Flails
  7638 | D:10     | Killed Urug
  8094 | D:10     | Noticed Gastronok
  8185 | D:10     | Killed Gastronok
  8423 | D:10     | Killed Lodul
  8449 | D:10     | Identified 2 scrolls of acquirement
  8450 | D:10     | Acquired a manual of Invocations
  8470 | D:10     | Acquired a +0 kite shield of reflection
  8574 | D:11     | Found a portal to a secret trove of treasure.
  8649 | D:11     | Found the +9 staff of Olgreb {rPois∞}
  8688 | D:11     | Noticed a death knight
  8723 | D:11     | Found a runed translucent door.
  8728 | D:11     | Found a runed translucent gate.
  8729 | D:11     | Found a runed translucent door.
  8733 | D:11     | Found a runed translucent gate.
  8871 | Lair:1   | Entered Level 1 of the Lair of Beasts
  8888 | Lair:1   | Reached skill level 6 in Invocations
  8909 | Lair:1   | Reached XP level 12. HP: 100/100 MP: 15/15
  8992 | Lair:1   | Found a shimmering blue altar of Sif Muna.
  9002 | Lair:1   | Reached skill level 7 in Invocations
  9013 | Lair:1   | Reached skill level 8 in Invocations
  9072 | Lair:1   | Found a blossoming altar of Fedhas.
  9366 | Lair:1   | Reached ***** piety under Hepliaklqana
  9477 | Lair:1   | Noticed a death yak
  9477 | Lair:1   | Noticed a death yak
  9490 | Lair:1   | Noticed a death yak
  9495 | Lair:1   | Noticed a death yak
  9497 | Lair:1   | Noticed a death yak
  9501 | Lair:1   | Killed a death yak
  9502 | Lair:1   | Reached skill level 9 in Invocations
  9511 | Lair:1   | Killed a death yak
  9526 | Lair:1   | Killed a death yak
  9843 | Lair:1   | Killed a death yak
  9844 | Lair:1   | Reached skill level 10 in Invocations
  9846 | Lair:1   | Killed a death yak
  9847 | Lair:1   | Reached skill level 10 in Armour
 10169 | Lair:2   | Reached skill level 11 in Invocations
 10479 | Lair:2   | Found a staircase to the Swamp.
 10522 | Lair:2   | You fall into a shaft and drop 1 floor!
 10529 | Lair:3   | Reached XP level 13. HP: 102/107 MP: 16/20
 10846 | Lair:3   | Reached skill level 12 in Invocations
 10957 | Lair:3   | Noticed a dire elephant
 11465 | Lair:3   | Reached skill level 13 in Invocations
 11655 | Lair:3   | Reached skill level 14 in Invocations
 12223 | Lair:3   | Reached skill level 15 in Invocations
 12554 | Lair:3   | Killed a dire elephant
 13686 | Lair:2   | Found a hole to the Spider Nest.
 13913 | Lair:4   | Reached ****** piety under Hepliaklqana
 14092 | Lair:4   | Found a viscous altar of Jiyva.
 14097 | Lair:4   | Found a staircase to the Slime Pits.
 14136 | Lair:4   | Reached XP level 14. HP: 112/118 MP: 22/24
 14181 | Lair:4   | Found a frozen archway.
 14379 | IceCv    | Entered an ice cave
 14860 | IceCv    | Identified the +9 long sword of the Kissing Genius {elec,
                  | rCorr Str+2}
 15734 | Lair:5   | Entered Level 5 of the Lair of Beasts
 16674 | Lair:5   | Reached skill level 15 in Fighting
 16683 | Lair:5   | Reached skill level 10 in Shields
 17330 | Lair:5   | Found a corrupted altar of Lugonu.
 17330 | Lair:5   | Found a one-way gate to the infinite horrors of the Abyss.
 17658 | Orc:1    | Entered Level 1 of the Orcish Mines
 17676 | Orc:1    | Reached XP level 15. HP: 111/128 MP: 25/25
 17845 | Orc:2    | Entered Level 2 of the Orcish Mines
 17867 | Orc:2    | Found a staircase to the Elven Halls.
 18253 | Orc:1    | Found Reerhiar's Assorted Antiques.
 18441 | Orc:1    | Bought a scroll labelled OXOOSS BUPS for 28 gold pieces
 18480 | Orc:1    | Found Yluave Taygo's Magic Scroll Shoppe.
 18493 | Orc:1    | Bought a scroll of identify for 26 gold pieces
 18493 | Orc:1    | Bought a scroll of identify for 26 gold pieces
 19032 | Orc:2    | Found Wipamn's Assorted Antiques.
 19032 | Orc:2    | Found Cegh's General Store.
 19038 | Orc:2    | Found Paevac's Weapon Shoppe.
 19046 | Orc:2    | Found Uconnal's Weapon Emporium.
 19293 | Orc:1    | Bought a scroll of identify for 56 gold pieces
 19546 | D:11     | Found a runed translucent gate.
 19569 | D:11     | Identified the +8 rapier of Orhaf {pain, rF+}
 19607 | D:11     | Noticed Grum
 19619 | D:11     | Killed Grum
 19930 | D:11     | Identified the +5 hand axe "Abudaog" {pain, rCorr Dex+2}
 20563 | D:12     | Noticed Nessos
 20576 | D:12     | Killed Nessos
 21124 | D:12     | Identified the +8 war axe of Glamorous Exoneration {speed,
                  | rF++ rC+ SInv}
 21549 | D:13     | Found Zelilamovu's Magic Scroll Shop.
 21556 | D:13     | Bought a scroll of blinking for 112 gold pieces
 21556 | D:13     | Bought a scroll of enchant armour for 112 gold pieces
 21556 | D:13     | Bought 3 scrolls of identify for 90 gold pieces
 21579 | D:13     | Noticed Kirke
 21586 | D:13     | Reached skill level 1 in Axes
 21897 | D:13     | Killed Kirke
 21963 | D:13     | Reached skill level 5 in Axes
 21966 | D:13     | Found a sacrificial altar of Ru.
 22086 | D:13     | Found Zeg Gumm's Distillery.
 22095 | D:13     | Bought a potion of resistance for 100 gold pieces
 22328 | D:13     | Found Dupeoz's Magic Scroll Boutique.
 22963 | D:14     | Found a gate to the Vaults.
 22973 | D:14     | Reached XP level 16. HP: 141/141 MP: 26/26
 23078 | D:14     | Reached skill level 10 in Axes
 23134 | D:14     | Noticed Frances
 23149 | D:14     | Killed Frances
 23768 | D:15     | Entered Level 15 of the Dungeon
 23926 | D:15     | Found a staircase to the Depths.
 23946 | D:15     | Reached skill level 15 in Armour
 24341 | D:15     | Found a runed translucent door.
 24379 | D:15     | Found a shadowy altar of Dithmenos.
 24666 | D:15     | Noticed Hosut's ghost (journeyman MiBe)
 24872 | D:15     | Killed Hosut's ghost
 25218 | Swamp:1  | Entered Level 1 of the Swamp
 25825 | Swamp:1  | Reached skill level 5 in Dodging
 25894 | Swamp:1  | HP: 3/141 [bunyip (10)]
 26830 | Swamp:2  | Found a sparkling altar of Nemelex Xobeh.
 27049 | Swamp:3  | Reached XP level 17. HP: 91/146 MP: 27/27
 28183 | Swamp:4  | Entered Level 4 of the Swamp
 28249 | Swamp:4  | Noticed Nikola
 28265 | Swamp:4  | Killed Nikola
 28279 | Swamp:4  | Noticed Aizul
 28295 | Swamp:4  | Killed Aizul
 29472 | Swamp:4  | Found a blossoming altar of Fedhas.
 29688 | Swamp:4  | Found a basalt altar of Yredelemnul.
 29746 | Swamp:4  | Reached skill level 16 in Invocations
 29754 | Swamp:4  | Got a decaying rune of Zot
 29917 | Spider:1 | Entered Level 1 of the Spider Nest
 31338 | Spider:2 | Got the Parchment of the Ensnaring Dead
 31574 | Spider:2 | Identified the +6 mace "Ivvast" {holy, +Blink Str-5 Int+3}
 31992 | Spider:2 | Identified the +5 ring mail "Goutal" {rN+}
 32794 | Spider:3 | Reached XP level 18. HP: 160/160 MP: 29/29
 33061 | Spider:3 | Reached skill level 17 in Invocations
 33639 | Spider:3 | Identified the +0 buckler "Omiape Tatic" {Fly Dex+7 Stlth-}
 33735 | Spider:4 | Entered Level 4 of the Spider Nest
 33735 | Spider:4 | Noticed Mlioglotl
 34125 | Spider:4 | Reached skill level 18 in Invocations
 34805 | Spider:4 | Reached skill level 10 in Evocations
 34883 | Spider:4 | Killed Mlioglotl
 35290 | Spider:4 | Found a runed translucent gate.
 35290 | Spider:4 | Found a runed translucent gate.
 35290 | Spider:4 | Found a runed translucent gate.
 35291 | Spider:4 | Noticed Icics's ghost (journeyman HOFi)
 35491 | Spider:4 | Got a gossamer rune of Zot
 35494 | Spider:4 | Identified the +0 pair of boots of Heaph {rCorr Str-4 SInv
                  | Stlth+}
 35949 | Elf:1    | Entered Level 1 of the Elven Halls
 36025 | Elf:1    | Paralysed by an air elemental for 1 turns
 36120 | Elf:1    | Found Mangal's General Store.
 36167 | Elf:1    | Noticed Agnes
 36176 | Elf:1    | Paralysed by an air elemental for 1 turns
 36178 | Elf:1    | Killed Agnes
 36562 | Elf:1    | You fall into a shaft and drop 1 floor!
 36744 | Elf:2    | Reached XP level 19. HP: 138/166 MP: 26/31
 37047 | Elf:2    | Found a runed translucent gate.
 37047 | Elf:2    | Found a runed translucent gate.
 37047 | Elf:2    | Found a runed translucent gate.
 37203 | Elf:2    | Paralysed by an air elemental for 1 turns
 37252 | Elf:2    | Paralysed by a floating eye for 2 turns
 37589 | Elf:2    | Found Jabb's Self-Improvement Boutique.
 38485 | Elf:1    | Reached skill level 19 in Invocations
 38647 | Elf:1    | Identified the +3 ring mail of the Antique God {Str+6}
 39230 | Vaults:1 | Entered Level 1 of the Vaults
 40790 | Vaults:1 | Reached skill level 20 in Invocations
 40913 | Vaults:1 | Reached XP level 20. HP: 145/180 MP: 33/33
 43112 | Vaults:3 | Noticed an ancient lich
 43119 | Vaults:3 | Killed an ancient lich
 44570 | Vaults:3 | Found Yheufekk's Book Boutique.
 44604 | Vaults:3 | Reached XP level 21. HP: 186/186 MP: 34/34
 44633 | Vaults:3 | Found a staircase to the Crypt.
 45183 | Vaults:4 | Noticed Xtahua
 45193 | Vaults:4 | Killed Xtahua
 45790 | Vaults:4 | Noticed Mara
 45808 | Vaults:4 | Killed Mara
 45809 | Vaults:4 | Reached skill level 10 in Dodging
 45847 | Vaults:4 | Found Ysecla's Antique Weapon Boutique.
 45880 | Vaults:4 | Reached skill level 1 in Long Blades
 45931 | Vaults:4 | Noticed Sojobo
 45985 | Vaults:4 | Killed Sojobo
 46238 | Vaults:4 | Reached skill level 5 in Long Blades
 46394 | Vaults:4 | Identified the +1 morningstar "Yziewar" {freeze, rN+ Str+5
                  | Int-3}
 46989 | Depths:1 | Entered Level 1 of the Depths
 46992 | Depths:1 | Found a one-way gate leading to the halls of Pandemonium.
 47290 | Depths:1 | Found a gateway to Hell.
 47661 | Depths:1 | Reached skill level 10 in Long Blades
 47998 | Depths:1 | Found a sacrificial altar of Ru.
 48619 | Depths:2 | Found Sucafey's Jewellery Shoppe.
 49080 | Depths:2 | Reached XP level 22. HP: 185/193 MP: 35/35
 49321 | Depths:2 | Identified the +5 whip of the Vanishing Orbs {flame, Fly
                  | rPois rCorr Dex-2}
 49397 | Depths:2 | Noticed a juggernaut
 49397 | Depths:2 | Noticed a caustic shrike
 49398 | Depths:2 | Noticed a caustic shrike
 49398 | Depths:2 | Noticed a caustic shrike
 49564 | Depths:2 | Killed a juggernaut
 49978 | Depths:2 | Reached skill level 15 in Long Blades
 49987 | Depths:2 | Identified the +1 arbalest of the Baking Gods {heavy,
                  | Str+3}
 50596 | Depths:2 | Killed a caustic shrike
 50598 | Depths:2 | Killed a caustic shrike
 50619 | Depths:2 | Killed a caustic shrike
 51023 | Depths:2 | Found Sucafey's Jewellery Shoppe.
 51865 | Depths:3 | Found a one-way gateway to a ziggurat.
 52174 | Depths:3 | Found a shadowy altar of Dithmenos.
 52174 | Depths:3 | Found the +8 orange crystal plate armour {Archmagi, Int+3
                  | Clar}
 52183 | Depths:3 | HP: 7/183 [Tzitzimitl/bolt of negative energy (22)]
 52604 | Depths:4 | Entered Level 4 of the Depths
 52604 | Depths:4 | Noticed a golden dragon
 52711 | Depths:3 | Killed a golden dragon
 52808 | Depths:4 | Found a gate to the Realm of Zot.
 52866 | Depths:4 | Reached skill level 21 in Invocations
 52896 | Depths:4 | Noticed a caustic shrike
 52897 | Depths:4 | Noticed a caustic shrike
 52897 | Depths:4 | Noticed a caustic shrike
 52899 | Depths:4 | Noticed a juggernaut
 52899 | Depths:4 | Noticed a caustic shrike
 52912 | Depths:4 | Killed a caustic shrike
 52919 | Depths:4 | Killed a caustic shrike
 52927 | Depths:4 | Killed a caustic shrike
 52945 | Depths:4 | Killed a juggernaut
 52954 | Depths:4 | Killed a caustic shrike
 52955 | Depths:4 | Reached XP level 23. HP: 62/200 MP: 36/36
 53114 | Depths:4 | Noticed a juggernaut
 53123 | Depths:4 | Killed a juggernaut
 53354 | Depths:4 | Found a runed translucent gate.
 53358 | Depths:4 | Found a runed translucent gate.
 53358 | Depths:4 | Found a runed translucent gate.
 53360 | Depths:4 | Found a viscous altar of Jiyva.
 53360 | Depths:4 | Noticed Uhytecu's ghost (adept MiBe)
 53382 | Depths:4 | Found a magical portal.
 53469 | Depths:4 | Reached skill level 22 in Invocations
 54624 | Elf:3    | Entered Level 3 of the Elven Halls
 54721 | Elf:3    | Paralysed by an air elemental for 1 turns
 54787 | Elf:3    | Identified the +0 morningstar "Wuakleg" {flame, *Slow rF++
                  | Will+}
 54938 | Elf:3    | Found the +5 demon whip "Spellbinder" {antimagic, disrupt,
                  | Will+}
 55009 | Elf:3    | Identified the ring of Life {rElec rF+ rC+ Str+3 Stlth+}
 55065 | Abyss:3  | Cast into level 3 of the Abyss (+2 hand axe of distortion)
 55117 | Abyss:3  | Found a corrupted altar of Lugonu.
 55148 | Abyss:3  | Reached skill level 23 in Invocations
 55324 | Abyss:3  | Identified the staff of fire "Bodamup" {rF+ Dex+2}
 55354 | Elf:3    | Escaped the Abyss
 55838 | Elf:3    | Identified the amulet of Jiaf {RegenMP Str+5}
 55864 | Elf:3    | Identified the +6 rapier "Jaza" {flame, Dex+6}
 55996 | Elf:3    | Identified the +2 hand axe of Kipn {drain, rN+ Str-4 Int+6}
 56007 | Elf:3    | Identified the +9 quarterstaff "Caetre" {flame, rF- Str+3
                  | Int+7 Dex+3}
 56013 | Elf:3    | Identified the +9 war axe of Quonavih {freeze, rF++ Stlth-}
 56018 | Elf:3    | Reached skill level 24 in Invocations
 56223 | Elf:3    | Identified the +4 glaive "Tisang" {vamp, rElec Dex+2}
 56223 | Elf:3    | Identified the ring "Lioseposk" {rCorr MP+9}
 56258 | Elf:3    | Identified the +0 pair of boots of Afinur {Fly rN+ Dex+3}
 56271 | Elf:3    | Identified the staff of fire "Nunid" {rElec rF+ Dex+5}
 56278 | Elf:3    | Identified the orb of Hysteria {light, -Cast +Blink Fly
                  | Dex+5}
 56516 | Elf:3    | Found a runed translucent door.
 56532 | Elf:3    | Noticed Cicier's ghost (adept GrEE)
 56540 | Elf:3    | Killed Cicier's ghost
 56546 | Elf:3    | Identified the +7 broad axe of Embarrassment {heavy, *Rage
                  | rF+ Str+3 SInv}
 56549 | Elf:3    | Upgraded the game from 0.30-a0-1122-g620db56ad9 to
                  | 0.30-a0-1124-g6e8f0f562f
 57773 | Depths:1 | Voluntarily entered the Abyss.
 57774 | Abyss:3  | Noticed an ancient lich
 57802 | Abyss:3  | Killed an ancient lich
 57892 | Abyss:3  | Found a corrupted altar of Lugonu.
 57949 | Abyss:3  | Reached XP level 24. HP: 159/208 MP: 38/38
 58005 | Abyss:3  | Found a corrupted altar of Lugonu.
 58604 | Abyss:3  | Found a corrupted altar of Lugonu.
 58774 | Abyss:3  | Paralysed by accursed screaming for 1 turns
 58797 | Abyss:3  | Got an abyssal rune of Zot
 58961 | Abyss:3  | Reached skill level 15 in Shields
 59062 | Abyss:3  | Paralysed by you for 5 turns
 59155 | Depths:1 | Escaped the Abyss
 59288 | Zot:1    | Entered Level 1 of the Realm of Zot
 60481 | Depths:3 | Identified the +4 hat of the Old World {SInv, Harm +Inv rF-
                  | MP+9}
 60503 | Depths:3 | Identified the +0 shadow dragon scales of Purpose {rElec
                  | Int-2 Dex+4 SInv Stlth++++}
 60509 | Depths:3 | archmagi!
 61038 | Zot:2    | Reached XP level 25. HP: 209/220 MP: 38/38
 61386 | Zot:2    | Reached skill level 15 in Evocations
 61820 | Zot:2    | Identified the +2 plate armour of Deloet {rN+ rCorr}
 61945 | Zot:2    | Identified the ring "Fiureutt" {rElec EV+5 Dex+4 Slay+2
                  | Stlth-}
 61946 | Zot:2    | woah
 62564 | Zot:3    | Noticed a Killer Klown
 62698 | Zot:3    | Killed a Killer Klown
 63057 | Zot:3    | Reached skill level 25 in Invocations
 63307 | Zot:3    | Noticed an orb of fire
 63316 | Zot:3    | Gained mutation: You occasionally lose the ability to drink
                  | potions when taking damage. [an orb of fire]
 63332 | Zot:3    | Killed an orb of fire
 64010 | Zot:4    | Reached skill level 15 in Dodging
 65080 | Orc:2    | Bought a phial of floods for 440 gold pieces
 65088 | Orc:2    | Bought a scroll of teleportation for 87 gold pieces
 65120 | Orc:1    | Bought a scroll of teleportation for 84 gold pieces
 65120 | Orc:1    | Bought a potion of curing for 84 gold pieces
 65120 | Orc:1    | Bought a potion of curing for 84 gold pieces
 65120 | Orc:1    | Bought a scroll of teleportation for 84 gold pieces
 65273 | D:13     | Bought a potion of curing for 30 gold pieces
 65273 | D:13     | Bought a potion of resistance for 100 gold pieces
 65273 | D:13     | Bought a potion of might for 40 gold pieces
 65273 | D:13     | Bought a potion of ambrosia for 80 gold pieces
 65273 | D:13     | Bought a potion of curing for 30 gold pieces
 65273 | D:13     | Bought a potion of might for 40 gold pieces
 65522 | D:4      | Bought a potion of mutation for 80 gold pieces
 65522 | D:4      | Bought a potion of curing for 30 gold pieces
 65522 | D:4      | Bought a potion of curing for 30 gold pieces
 65881 | Depths:4 | Reached XP level 26. HP: 192/228 MP: 38/38
 65897 | Depths:4 | Killed Uhytecu's ghost
 65918 | Depths:4 | Identified the amulet of the Invisible Hand {Drain Fly
                  | Regen+ Str+6 Slay-6}
 66210 | Zot:4    | Identified the +8 mace of Qikys {freeze, Dex+4}
 66332 | Zot:5    | Entered Level 5 of the Realm of Zot
 66429 | Zot:5    | Noticed an orb of fire
 66431 | Zot:5    | Noticed an orb of fire
 66446 | Zot:5    | Killed an orb of fire
 66456 | Zot:5    | Killed an orb of fire
 66973 | Zot:5    | Noticed a dread lich
 66979 | Zot:5    | Killed a dread lich
 67091 | Zot:5    | Noticed an ancient lich
 67106 | Zot:5    | Noticed an orb of fire
 67108 | Zot:5    | Noticed an orb of fire
 67116 | Zot:5    | Noticed an orb of fire
 67120 | Zot:5    | Gained mutation: You occasionally shout uncontrollably at
                  | your foes. [an orb of fire]
 67125 | Zot:5    | Gained mutation: You are dopey. (Int -2) [an orb of fire]
 67357 | Zot:5    | Noticed an ancient lich
 67359 | Zot:5    | Noticed an orb of fire
 67361 | Zot:5    | Noticed an orb of fire
 67534 | Zot:5    | Gained mutation: You are frail. (-10% HP) [an orb of fire]
 67544 | Zot:5    | Killed an orb of fire
 67618 | Zot:5    | Killed an orb of fire
 68123 | Zot:5    | Noticed an orb of fire
 68126 | Zot:5    | Noticed an orb of fire
 68130 | Zot:5    | Gained mutation: You are vulnerable to heat. (rF-) [an orb
                  | of fire]
 68133 | Zot:5    | Gained mutation: You are very frail. (-20% HP) [an orb of
                  | fire]
 68142 | Zot:5    | Gained mutation: You frequently scream uncontrollably at
                  | your foes. [an orb of fire]
 68152 | Zot:5    | Gained mutation: You are extremely frail. (-30% HP) [an orb
                  | of fire]
 68527 | Zot:5    | Gained mutation: You are weak. (Str -2) [an orb of fire]
 68535 | Zot:5    | Killed an orb of fire
 69505 | Zot:5    | Gained mutation: You have hidden genetic defects. [an orb
                  | of fire]
 69510 | Zot:5    | HP: 9/228 [orb of fire/fireball (67)]
 69525 | Zot:5    | Killed an orb of fire
 69819 | Zot:5    | Killed from afar by an orb of fire

Illustrated notes #.2#.§###.###..#).# #.#... #G2#..###.###..#..# ###[#... #G.#..##...##.§#§.###...'[.. .§#§§###...###§§#§§###.#..[∩ #.§§§§###...###§§§§§# #.##... #.§ §.##.....##.§#..###.##'## ...§§###.)[..###.....##.#.... #§§§'..[[...''..#..##.#.... ...§''.|§_R@.''.....##.'.... #########§##############.... ##### ##### Turn 60509 on Depths:3: archmagi!

** *#..................# #...#
,**#.........########### #######
,,,..........# ##### #####....#
,,,,,,,,,,,,,*###..°####.....##()
,,,,,,,,,,,,*##...#..#.†.[#..)..)
,,,,,,*,,,,*,#$$.###.....|..[)=#.
####****,,,,^##$.###..##...#.....
.8.## *,,,,,*#?/=.##†####....)..
....# *,,***#$#@#.##..###...[)#.
.<.8# **** ##$$R##..†.###...:##
....# ######.##[.####### .8.##
##### ###...###†.### ####
#...###..#.####[#..##### ..######
#......................# ...##..#
##......................
.......## #......................
....#...####.....................


Turn 61946 on Zot:2: woah

Levels and vault maps discovered:
D:1:      minmay_arrival_three_doors, layout_basic, minmay_vboxes
D:2:      layout_loops_corners, serial_shops, nicolae_shop_trees,
          uniq_crazy_yiuf_cottage
D:3:      layout_loops_ring, uniq_grinder, uniq_natasha
D:4:      layout_cave_pools, minmay_temple_entry_antechambers, serial_undead,
          serial_undead_f, serial_undead_b, serial_undead_c, serial_undead_e,
          serial_shops, nicolae_shop_industrial_runoff
D:5:      layout_basic, lemuel_flame_loot_1, uniq_sigmund
D:6:      layout_basic, nicolae_overflow_crystal_walls,
          nicolae_qazlal_eye_of_the_storm, nicolae_sextant
D:7:      layout_loops_ring, marbit_many_paths, serial_shops, kennysheep_mini
D:8:      layout_cave_pools, uniq_joseph
D:9:      layout_basic, general_overflow_altar, overflow_temple_1_default,
          grunt_lair_entry_orc_guard_hut, hiddenorc2_lemuel, serial_shops,
          kennysheep_little_box, shop, shop_statue, uniq_pikel, uniq_erica
D:10:     layout_cross, uniq_harold, uniq_lodul, uniq_urug, uniq_gastronok
D:11:     minmay_cut_squares, layout_cave_pools, nicolae_trove_entry_crossroad,
          minmay_guarded_unrand_staff_of_olgreb, uniq_grum
D:12:     layout_loops_ring, nrook_mini_vaults, uniq_nessos
D:13:     layout_loops_ring, serial_shops, shop_statue,
          nicolae_shop_tiny_real_fake_doors, shop, minmay_ruined_shrine,
          uniq_kirke
D:14:     hangedman_screamer, layout_rooms, erik_vaults_2
D:15:     hangedman_depths_entry_try_elsewhere_first, layout_loops_ring,
          ebering_ghost_reflecting_pool, nicolae_dithmenos_the_darkroom
Temple:   bh_familiar_temple
Lair:1:   layout_cave_shapes, basic_altar, pdpol_lair_neglected_garden,
          hangedman_tree_tricks, infiniplex_staircase_pool_2
Lair:2:   layout_cave_pods, minmay_swamp_entry_swarm, dummy_spider_entry,
          grunt_forest_large_clearings
Lair:3:   wad_woods_minihive, layout_regular_city, nicolae_lair_lakeside_cave
Lair:4:   layout_regular_city, dpeg_slime_entry_corner,
          portal_ice_cave_entry_pillars_1, beast_lair_carwin_9
Lair:5:   hellmonk_lair_end_abyssal_woods, layout_big_grid
Swamp:1:  layout_basic_swamp, nicolae_swamp_little_tower, swamp_pool4,
          nicolae_swamp_bunyip_nook
Swamp:2:  layout_falls_marsh, basic_altar, swamp_pool5, roderic_carrion_pond,
          infiniplex_staircase_pool
Swamp:3:  nicolae_swamp_secret_spriggan_hideout, layout_basic_swamp,
          evilmike_swamp_ruin_rubble_2, swamp_pool5, grunt_lady_of_the_lake
Swamp:4:  byrel_swamp_growth_death_and_undeath, layout_basic_swamp, uniq_aizul,
          uniq_nikola
Spider:1: layout_chambers
Spider:2: layout_chambers, nicolae_spider_cling_ruins
Spider:3: layout_spider_delve, hellmonk_narrow_tunnel
Spider:4: grunt_spider_rune_island, gammafunk_ghost_tricky_traps, uniq_mlioglotl
Orc:1:    layout_caves, serial_shops, shop, nicolae_square_shop
Orc:2:    st_orc_mages, layout_caves
Elf:1:    nicolae_elf_arrival_fired_up, layout_rooms, serial_shops,
          nicolae_shop_hallway_stairs, evilmike_minifort, nrook_mini_backslash,
          uniq_agnes
Elf:2:    elven_hall_of_blades_hangedman_original [nicolae_blade_little_rooms],
          layout_gridlike, serial_corexii_hall, chequers_hall_statues_wall_a,
          corexii_hall_statues_l, corexii_hall_statues_i,
          chequers_hall_statues_wall_a, nicolae_shop_self_help
Elf:3:    grunt_elf_hall_asides, layout_geoelf_grid,
          ebering_ghost_reflecting_pool, minmay_the_grid_2x2
          [minmay_the_grid_broken_lines, minmay_the_grid_mess,
          minmay_the_grid_large_cup, minmay_the_grid_prize_big_room]
Vaults:1: vaults_dpeg_encased_lava, nicolae_vaults_little_squares_6,
          nicolae_vaults_specimen_jars, v_alt_pattern_3,
          nicolae_vaults_big_angled_halls, hangedman_vaults_stagger,
          nicolae_vaults_network_star, v_alt_pattern_1,
          nicolae_vaults_network_square, hangedman_vaults_snaps,
          layout_vaults_chaotic_city
Vaults:2: nicolae_vaults_halls_meeting, nicolae_vaults_back_hallway,
          ontoclasm_vaults_ring_small, hangedman_vaults_nails,
          dpeg_vaults_monster_box, v_misc_33, hangedman_vaults_stitches,
          hangedman_vaults_restitches, vaults_dpeg_ring,
          hangedman_vaults_stream, layout_vaults_omnibox
Vaults:3: v_misc_31, st_more_cells, minmay_crypt_entry_simple_box, v_misc_27,
          vaults_room_door_ring, v_misc_12, nicolae_vaults_mini_display_case,
          vaults_mumra_chevron, v_alt_pattern_5, layout_vaults_quadrants,
          serial_shops, shop
Vaults:4: v_alt_pattern_3, v_alt_pattern_6, dpeg_vaults_waves,
          ontoclasm_vaults_misaligned, v_misc_10,
          hangedman_vaults_corner_blocks, nicolae_vaults_little_squares_5,
          ontoclasm_vaults_pinch, ontoclasm_vaults_ligature,
          ontoclasm_vaults_spin, v_rooms_5, v_misc_2,
          nicolae_vaults_border_crossing, vaults_room_stairs_pillars,
          grunt_vaults_hallway_long, layout_vaults_ring, serial_shops, shop,
          uniq_xtahua, uniq_mara, uniq_sojobo
Depths:1: layout_basic, hell_entry, abyss_entry, pan_entry,
          nicolae_ru_path_of_blood
Depths:2: grunt_bent_corner, layout_cave_pools, hangedman_abyss_entry_splay,
          grunt_hell_entry_dis_grunt, serial_bayou_shore_a, pan_entry,
          serial_shops, shop
Depths:3: regret_index_dithmenos_brocken_genspenst, layout_gridlike,
          enter_ziggurat_e, abyss_entry, roderic_serpentine_path, hell_entry,
          bh_walls_and_bars
Depths:4: evilmike_zot_entry_diamond, layout_gridlike,
          serial_sigils_hangedman_writhe, gammafunk_ghost_ooze,
          mu_enter_wizlab_1, abyss_entry, hell_entry
Zot:1:    layout_misc_corridors, hangedman_spider_trapstep
Zot:2:    layout_cathedral_of_symmetry, st_single_dragon_hoard_2,
          st_large_dragon_hoard_2, grunt_megastairs_1
Zot:3:    layout_twisted_circle
Zot:4:    layout_onion
Zot:5:    layout_misc_corridors, st_stairs_5, lemuel_lake_of_fire

Skill      XL: |  1  2  3  4  5  6  7  8  9 10 11 12 13 14 15 16 17 18 19 20 21 22 23 24 25 26 |
---------------+-------------------------------------------------------------------------------+-----
Maces & Flails | 4 5 6 7 8 9 10 12 14 16 | 16.0
Fighting       | 6 7 8 10 12 14 15 18 20 22 24 | 24.0
Armour         | 2 5 6 7 10 11 14 15 18 19 20 22 23 24 | 24.0
Invocations    | 5 6 11 15 16 18 20 21 24 25 | 25.0
Evocations     | 5 7 8 10 13 14 16 18 | 18.8
Shields        | 4 5 7 8 11 12 14 15 | 15.0
Axes           | 8 12 | 12.6
Dodging        | 6 7 10 12 15 | 15.0
Long Blades    | 13 15 | 15.0

Action                     |  1- 3 |  4- 6 |  7- 9 | 10-12 | 13-15 | 16-18 | 19-21 | 22-24 | 25-27 || total
---------------------------+-------+-------+-------+-------+-------+-------+-------+-------+-------++-------
  Melee: Mace              |    73 |    68 |   175 |       |       |       |       |       |       ||   316
         Headbutt          |    14 |    11 |    53 |    81 |   288 |   329 |   405 |   568 |   243 ||  1992
         Morningstar       |       |       |    15 |   371 |   911 |    36 |       |       |       ||  1333
         War axe           |       |       |       |       |   122 |  1172 |  1305 |  1095 |   611 ||  4305
         Unarmed           |       |       |       |       |     4 |       |       |       |       ||     4
         Demon blade       |       |       |       |       |       |       |       |   538 |       ||   538
         Demon whip        |       |       |       |       |       |       |       |       |    78 ||    78
 Invoke: Ancestor Life: Ba |       |       |     1 |       |       |       |       |       |       ||     1
         Recall Ancestor   |       |       |       |     3 |     1 |     8 |     4 |    13 |     3 ||    32
         Idealise          |       |       |       |       |       |     2 |     1 |       |       ||     3
  Evoke: Wand              |       |     3 |     1 |       |     4 |     9 |       |       |       ||    17
         Box of beasts     |       |       |       |       |       |     1 |     1 |     1 |       ||     3
    Use: Scroll            |     2 |     2 |     3 |    13 |    23 |     6 |    12 |    13 |    18 ||    92
         Potion            |       |       |       |       |     6 |     9 |     4 |    15 |    17 ||    51
   Stab: Distracted        |       |       |     1 |     8 |    12 |    11 |    24 |    34 |    19 ||   109
 Armour: Robe              |     7 |       |       |       |       |       |       |       |       ||     7
         Leather armour    |     7 |     1 |       |       |       |       |       |       |       ||     8
         Scale mail        |       |    16 |    92 |   185 |   166 |   197 |       |       |       ||   656
         Crystal plate arm |       |       |       |       |   564 |   360 |   527 |   716 |   280 ||  2447
  Dodge: Dodged            |    52 |    35 |   124 |   144 |   371 |   611 |   477 |   532 |   315 ||  2661
  Block: Kite shield       |       |       |       |   172 |   605 |   641 |   557 |   755 |   327 ||  3057
         Reflection        |       |       |       |       |    18 |    15 |    49 |    35 |     2 ||   119

Table legend: (Time is in decaauts)
 A = Elapsed time spent in this place.
 B = Non-inter-level travel time spent in this place.
 C = Inter-level travel time spent in this place.
 D = Time resting spent in this place.
 E = Time spent auto-exploring this place.
 F = Levels seen in this place.
 G = Mean time per level.
                   A        B        C        D        E       F      G
               +--------+--------+--------+--------+--------+-----+--------+
         Total |  67890 |  61862 |   6028 |  19184 |  26763 |  51 | 1331.2 |
       Dungeon |  15871 |  13515 |   2356 |   3132 |   7117 |  15 | 1058.1 |
        Temple |    173 |    145 |     28 |      0 |     84 |   1 |  173.0 |
          Lair |   8579 |   7899 |    680 |   2189 |   4042 |   5 | 1715.8 |
         Swamp |   4702 |   4505 |    197 |   1943 |   1483 |   4 | 1175.5 |
   Spider Nest |   5893 |   5438 |    455 |   1748 |   2635 |   4 | 1473.2 |
  Orcish Mines |   1966 |   1510 |    456 |    439 |    586 |   2 |  983.0 |
   Elven Halls |   4732 |   4526 |    206 |   1625 |   1463 |   3 | 1577.3 |
        Vaults |   7322 |   7046 |    276 |   2271 |   3446 |   4 | 1830.5 |
        Depths |   8591 |   7550 |   1041 |   2496 |   3244 |   4 | 2147.8 |
           Zot |   8160 |   7831 |    329 |   2839 |   2629 |   5 | 1632.0 |
         Abyss |   1373 |   1373 |      0 |    161 |     32 |   3 |  457.7 |
      Ice Cave |    524 |    524 |      0 |    340 |      0 |   1 |  524.0 |
               +--------+--------+--------+--------+--------+-----+--------+

Top non-repeatable levels by time:
   Zot:5: 3407 daAuts
Depths:2: 3112 daAuts
  Lair:3: 2662 daAuts
Depths:3: 2306 daAuts
     D:9: 2063 daAuts
Vaults:1: 2007 daAuts
Spider:3: 1965 daAuts
    D:12: 1959 daAuts
Vaults:4: 1896 daAuts
Depths:4: 1863 daAuts
 Swamp:3: 1846 daAuts
  Lair:5: 1781 daAuts
Vaults:3: 1767 daAuts
   Elf:1: 1764 daAuts
   Zot:2: 1655 daAuts
